 Dungeon Crawl Stone Soup version 0.17-a0-1748-g222fba8 (webtiles) character file.

26 gp7 the Conjurer (level 2, 0/15 HPs)
             Began as a Deep Elf Conjurer on Sept 2, 2015.
             Slain by Terence
             ... wielding a +0 hand axe
              (5 damage)
             ... on level 1 of the Dungeon.
             The game lasted 00:03:21 (1500 turns).

gp7 the Conjurer (Deep Elf Conjurer)                Turns: 1500, Time: 00:03:21

Health: 0/15       AC:  2    Str:  5    XL:     2   Next: 89%
Magic:  0/8        EV: 13    Int: 19    God:
Gold:   23         SH:  0    Dex: 15    Spells: 2 memorised, 4 levels left

rFire  . . .     SeeInvis .     h - +0 hand axe
rCold  . . .     Clarity  .     a - +0 robe
rNeg   . . .     SustAt   .     (no shield)
rPois  .         Gourm    .     (no helmet)
rElec  .         Spirit   .     (no cloak)
rCorr  .         Warding  .     (no gloves)
rMut   .         Stasis   .     (no boots)
MR     .....                    (no amulet)
Stlth  ++........               (no ring)
                                (no ring)

@: very slightly contaminated, not resistant to hostile enchantments, unstealthy
A: no striking features
a: no special abilities


You were on level 1 of the Dungeon.
You were not hungry.

You visited 1 branch of the dungeon, and saw 2 of its levels.

You collected 23 gold pieces.

Inventory:

Hand weapons
 h - a +0 hand axe (weapon)
Armour
 a - a +0 robe (worn)
Scrolls
 c - a scroll of fear {unknown}
 e - a scroll of remove curse {unknown}
 f - a scroll of fog {unknown}
 g - a scroll of immolation {unknown}
 j - a scroll of teleportation {unknown}
 k - a scroll of magic mapping {unknown}
Potions
 d - a potion of invisibility {unknown}
Books
 b - a book of Conjurations

   Spells                             Type                      Level
   a - Magic Dart                     Conjuration                  1
   b - Searing Ray                    Conjuration                  2
   c - Dazzling Spray                 Conjuration/Hexes            3
   d - Fulminant Prism                Conjuration/Hexes            4
   e - Iskenderun's Mystic Blast      Conjuration                  4
   f - Iskenderun's Battlesphere      Conjuration/Charms           5
Comestibles
 i - 3 fruits


   Skills:
 - Level 2.4 Dodging
 - Level 2.4 Stealth
 + Level 3.3 Spellcasting
 * Level 5.2 Conjurations


You had 4 spell levels left.
You knew the following spells:

 Your Spells              Type           Power        Failure   Level  Hunger
a - Magic Dart            Conj           ###.         1%          1    None
b - Searing Ray           Conj           ###...       2%          2    ##.....


Dungeon Overview and Level Annotations

Branches:
Dungeon (2/15)

Altars:

Annotations:
D:1 Terence


Message History

Casting: Searing Ray
Confirm with . or Enter, or press ? or * to list all spells.
Aiming: Magic Dart
Press: ? - help, Shift-Dir - straight line, f - Terence
Aim: Terence, wielding a hand axe, wearing a chain mail and carrying a wand of slowing {empty} (heavily wounded)
The magic dart hits Terence.
Terence is severely wounded.
Terence completely misses you.
Casting: Magic Dart
Confirm with . or Enter, or press ? or * to list all spells.
Aiming: Magic Dart
Press: ? - help, Shift-Dir - straight line, f/p - Terence
Aim: Terence, wielding a hand axe, wearing a chain mail and carrying a wand of slowing {empty} (severely wounded)
The magic dart hits Terence.
Terence is almost dead.
Terence closely misses you.
You hit Terence.
Terence is almost dead.
Terence hits you with a hand axe.
You die...

.....###### #...# #..#
..........# #...######...
..........###########...#........
................................#
............#########...#.####..#
....................#...#.####..#
............###.#####...#.#......
#.#....########.## #...#.###....
................@# #............
#.#..#.########.@####.#.#........
#.#.....................#########
#.#....##############............
#.#.......####.....+#############
#.#....##.##'.......##
..#.......##.........##
####...####...........##
.....#.###.............#


You could see Terence.

Vanquished Creatures
  An adder (D:2)
  2 goblins (D:1)
  4 hobgoblins (D:1)
  2 jackals (D:1)
  A quokka (D:1)
  3 giant cockroaches (D:1)
  3 rats
16 creatures vanquished.

Notes
Turn   | Place    | Note
--------------------------------------------------------------
     0 | D:1      | gp7 the Deep Elf Conjurer began the quest for the Orb.
     0 | D:1      | Reached XP level 1. HP: 10/10 MP: 6/6
   374 | D:1      | Reached XP level 2. HP: 15/15 MP: 0/8
   795 | D:1      | Reached skill level 5 in Conjurations
  1206 | D:2      | Noticed Terence
  1297 | D:2      | Learned a level 2 spell: Searing Ray
  1500 | D:1      | Slain by Terence

Vault maps used:
D:1:      lemuel_arrival_rhombus
D:2:      nicolae_overflow_crystal_walls, nicolae_overflow_hidden_temple,
          uniq_terence

Action                   || total
-------------------------++-------
Melee: Hand axe          ||     7
 Cast: Magic Dart        ||    42
       Searing Ray       ||     3
  Eat: Bread ration      ||     1
